 Dungeon Crawl Stone Soup version 0.17.1-1-g73c8601 (webtiles) character file.

72 Oddball22 the Sneak (level 4, -1/21 HPs)
             Began as a Spriggan Artificer on Dec 31, 2015.
             Slain by a shadow imp (4 damage)
             ... summoned by Natasha
             ... on level 2 of the Dungeon.
             The game lasted 00:04:20 (1655 turns).

Oddball22 the Sneak (Spriggan Artificer)            Turns: 1655, Time: 00:04:20

Health: -1/21      AC:  5    Str:  7    XL:     4   Next: 7%
Magic:  8/8        EV: 19    Int: 13    God:
Gold:   78         SH:  0    Dex: 17    Spells: 0 memorised, 3 levels left

rFire  . . .     SeeInvis +     l - +1 short sword (freeze)
rCold  . . .     Clarity  .     b - +0 robe
rNeg   . . .     SustAt   .     (shield restricted)
rPois  .         Gourm    .     (helmet restricted)
rElec  .         Spirit   .     h - +2 cloak
rCorr  .         Warding  .     (gloves unavailable)
rMut   .         Stasis   .     (boots unavailable)
MR     .....                    (no amulet)
Stlth  +++.......               (no ring)
                                (no ring)

@: very quick, not resistant to hostile enchantments, fairly stealthy
A: unfitting armour, see invisible, herbivore 3, speed 3, slow metabolism 2
a: no special abilities


You were on level 2 of the Dungeon.
You were not hungry.

You visited 1 branch of the dungeon, and saw 2 of its levels.

You collected 78 gold pieces.

Inventory:

Hand Weapons
 a - a +0 short sword
 l - a +1 short sword of freezing (weapon)
Armour
 b - a +0 robe (worn)
 h - a +2 cloak (worn)
 n - a +2 buckler
Wands
 c - a wand of flame (6)
 d - a wand of enslavement (15)
 e - a wand of random effects (15)
Scrolls
 g - 4 scrolls of identify {unknown}
 i - 2 scrolls of immolation
 k - a scroll of teleportation
 o - a scroll of recharging {unknown}
 q - a scroll of remove curse {unknown}
Potions
 m - a potion of degeneration {unknown}
 p - 2 potions of resistance {unknown}
Comestibles
 f - 2 bread rations
 j - a slice of pizza


   Skills:
 - Level 0.7 Fighting
 + Level 2.1 Short Blades
 + Level 4.2 Dodging
 * Level 4.6 Stealth
 - Level 4.0 Evocations


You had 3 spell levels left.
You didn't know any spells.

Dungeon Overview and Level Annotations

Branches:
Dungeon (2/15)

Altars:

Annotations:
D:2 Natasha


Innate Abilities, Weirdness & Mutations

You are tiny and cannot use many weapons and most armour.
You have supernaturally acute eyesight.
You are a herbivore.
You cover ground extremely quickly.
You need consume almost no food.


Message History

* * * LOW HITPOINT WARNING * * *
There is a stone staircase leading up here.
You start resting.
You hit the shadow imp but do no damage.
The shadow imp misses you.
You barely miss the shadow imp. The shadow imp gestures at you.
Pain shoots through your body!
* * * LOW HITPOINT WARNING * * *
You barely miss the shadow imp. The shadow imp completely misses you.
You hit the shadow imp.
The shadow imp is moderately wounded.
The shadow imp hits you but does no damage.
You hit the shadow imp.
The shadow imp is heavily wounded.
The shadow imp barely misses you.
You closely miss the shadow imp.
The shadow imp is heavily wounded.
The shadow imp hits you.
You die...

#.>.....##.....## #.....5g# #..#
#......5# ###.###### #...>.h5#
..#......# ######.5### #.#####..#
## ##...###.# #.## #.
###..##.#####.# #. ##########
##[##...)...# #. #........#
#.##@####### #. #........# #.h5.#
#. #..).....# #..### #.
#.....รท..####.## #.
#..........#..############## #.
#............###.....#.....## #[
#.......(.##................## #.
#.........####...............# ##
#.........##.....(...........####


You could see Natasha and a shadow imp.

Vanquished Creatures
  Terence (D:2)
  3 worms (D:2)
  2 giant geckos
  A giant cockroach (D:1)
  5 goblins
  4 hobgoblins
  6 jackals
  4 bats
  2 giant newts (D:2)
  6 kobolds
  A quokka (D:2)
  A rat (D:2)
36 creatures vanquished.

Notes
Turn   | Place    | Note
--------------------------------------------------------------
     0 | D:1      | Oddball22 the Spriggan Artificer began the quest for the Orb.
     0 | D:1      | Reached XP level 1. HP: 9/9 MP: 4/4
   250 | D:1      | Reached XP level 2. HP: 14/14 MP: 6/6
  1095 | D:2      | Reached XP level 3. HP: 17/17 MP: 7/7
  1569 | D:2      | Noticed Terence
  1611 | D:2      | Noticed Natasha
  1629 | D:2      | Killed Terence
  1629 | D:2      | Reached XP level 4. HP: 7/21 MP: 8/8
  1655 | D:2      | Slain by a shadow imp

Action                   |  1- 3 |  4- 6 || total
-------------------------+-------+-------++-------
Melee: Short sword       |   132 |     7 ||   139
Evoke: Wand              |     5 |     4 ||     9
  Use: Scroll            |     3 |       ||     3
 Stab: Sleeping          |     6 |       ||     6
